 Dungeon Crawl Stone Soup version 0.19.1 (webtiles) character file.

1362 KingBobo974 the Thaumaturge (level 8, 0/41 HPs)
             Began as a Gargoyle Earth Elementalist on Dec 8, 2016.
             Was a Follower of Vehumet.
             Shot with an arrow by a centaur (10 damage)
             ... on level 6 of the Dungeon.
             The game lasted 00:56:09 (6062 turns).

KingBobo974 the Thaumaturge (GrEE)                  Turns: 6062, Time: 00:56:10

Health: 0/41       AC:  8    Str: 12    XL:     8   Next: 64%
Magic:  2/20       EV: 12    Int: 18    God:    Vehumet [*.....]
Gold:   350        SH:  0    Dex: 10    Spells: 4 memorised, 10 levels left

rFire  . . .     SeeInvis +     o - +4 quarterstaff (chaos)
rCold  . . .     Gourm    .     c - +0 robe
rNeg   + . .     Faith    .     (shield currently unavailable)
rPois  ∞         Spirit   .     (no helmet)
rElec  +         Reflect  .     p - +0 cloak {+Inv}
rCorr  .         Harm     .     (no gloves)
MR     +....                    (no boots)
Stlth  ++........               (no amulet)
                                (no ring)
                                a - ring of protection from magic

@: no status effects
A: fangs 1, see invisible, negative energy resistance 1, electricity resistance,
unbreathing, petrification resistance, rot immunity, MP-powered wands, AC +5
a: Renounce Religion, Evoke Invisibility


You were on level 6 of the Dungeon.
You worshipped Vehumet.
Vehumet was aware of your devotion.
You were not hungry.

You visited 1 branch of the dungeon, and saw 6 of its levels.

You collected 350 gold pieces.

Inventory:

Hand Weapons
 f - a +0 mace
 o - a +4 quarterstaff of chaos (weapon)
 q - a cursed -2 mace
 u - a cursed -2 flail
 x - a +0 falchion of electrocution
Missiles
 b - 145 stones (quivered)
Armour
 c - a +0 robe (worn)
 h - a cursed +0 ring mail
 l - a +0 robe
 p - a +0 cloak of invisibility (worn)
 w - a +0 plate armour
Jewellery
 a - a ring of protection from magic (left hand)
Wands
 r - a wand of iceblast (9/15)
Scrolls
 g - a scroll of fog {unknown}
 k - 2 scrolls of teleportation
 s - 2 scrolls of remove curse
 t - a scroll of amnesia
Potions
 i - 4 potions of curing
 m - 4 potions of flight
 v - a potion of lignification {unknown}
Books
 e - a book of Geomancy

   Spells                             Type                      Level
   a - Sandblast                      Earth                        1
   b - Passwall                       Transmutation/Earth          2
   c - Stone Arrow                    Conjuration/Earth            3
   d - Petrify                        Transmutation/Earth          4
   e - Lee's Rapid Deconstruction     Earth                        5
Comestibles
 d - 4 bread rations
 j - 6 fruits


   Skills:
 - Level 1.5 Dodging
 - Level 2.1 Stealth
 * Level 8.1 Spellcasting
 - Level 0.7 Transmutations
 + Level 7.8 Earth Magic


You had 10 spell levels left.
You knew the following spells:

 Your Spells              Type           Power        Failure   Level  Hunger
a - Sandblast             Erth           #####.       1%          1    None
b - Stone Arrow           Conj/Erth      ###...       10%         3    #......
c - Lee's Rapid Deconstr  Erth           #####.....   14%         5    #####..
d - Petrify               Tmut/Erth      ###.....     21%         4    ###....


Dungeon Overview and Level Annotations

Branches:
Dungeon (6/15)             Temple (0/1) D:4

Altars:
Kikubaaqudgha
Makhleb
Qazlal
Ru
Vehumet
Zin
The Shining One

Annotations:
D:4 Sigmund


Innate Abilities, Weirdness & Mutations

You are resistant to torment.
Your stone body is resilient. (AC +5)
You are immune to poison.
You resist negative energy. (rN+)
You are resistant to electric shocks. (rElec)
You can survive without breathing.
You are immune to petrification.
You are immune to rotting.
You have very sharp teeth.
You have supernaturally acute eyesight. (SInv)
You expend magic power (3 MP) to strengthen your wands.


Message History

The centaur shoots an arrow.
The arrow hits you.
The centaur shoots an arrow.
The arrow hits you!
* * * LOW HITPOINT WARNING * * *
Items here: ( ) [ † 2 arrows; a dagger; a robe; an orc corpse
Casting: Sandblast
Confirm with . or Enter, or press ? or * to list all spells.
Aiming: Sandblast
Press: ? - help, Shift-Dir - straight line, f - centaur
Aim: a centaur, wielding a shortbow The blast of sand hits the centaur.
The centaur is moderately wounded.
The centaur shoots an arrow.
The arrow hits you but does no damage.
The centaur shoots an arrow.
The arrow hits you but does no damage.
The centaur shoots an arrow.
The arrow closely misses you.
There is a stone staircase leading up here.
Items here: )) [ † a dagger; a robe; a short sword; an orc corpse The centaur shoots an arrow.
The arrow hits you!
You die...

..........#......
.........#......
#.......#......
#.......'......
#......c#......
#........#
#.(((.((.#
####'#+#<#####...
#.# #†@.....# #.#
#.(....... #.#
########## #.#
#.# #..


You could see a centaur.

Vanquished Creatures
  Grinder (D:5)
  Edmund (D:4)
  A sky beast (D:5)
  2 ice beasts (D:5)
  A necrophage (D:5)
  A bullfrog (D:3)
  2 crimson imps
  A centaur skeleton (D:5)
  Crazy Yiuf (D:2)
  3 orc wizards
  A bullfrog skeleton (D:5)
  6 worker ants
  Natasha (thrice) (D:4)
  8 adders
  2 oozes
  A worm (D:4)
  3 dart slugs
  2 leopard geckos (D:1)
  10 orcs
  4 ball pythons
  4 giant cockroaches
  7 goblins
  A hobgoblin (D:2)
  5 jackals
  3 quokkas
  9 bats
  9 frilled lizards
  A jackal skeleton (D:5)
  9 kobolds
  10 rats
112 creatures vanquished.

Notes
Turn   | Place    | Note
-------+----------+-------------------------------------------
     0 | D:1      | KingBobo974 the Gargoyle Earth Elementalist began the quest for the Orb.
     0 | D:1      | Reached XP level 1. HP: 10/10 MP: 3/3
   559 | D:1      | Reached XP level 2. HP: 8/15 MP: 3/5
  1143 | D:1      | Reached skill level 3 in Spellcasting
  1381 | D:2      | Reached XP level 3. HP: 16/19 MP: 0/7
  2070 | D:2      | Reached XP level 4. HP: 20/24 MP: 0/9
  2134 | D:2      | Found a glowing silver altar of Zin.
  2314 | D:2      | Found a runed door.
  2554 | D:2      | Noticed Crazy Yiuf
  2562 | D:2      | Killed Crazy Yiuf
  2562 | D:2      | Reached skill level 4 in Spellcasting
  2899 | D:3      | Reached XP level 5. HP: 28/28 MP: 5/11
  2939 | D:3      | Found a radiant altar of Vehumet.
  3112 | D:3      | Became a worshipper of Vehumet
  3320 | D:3      | Found a sacrificial altar of Ru.
  3327 | D:3      | Found a burning altar of Makhleb.
  3368 | D:3      | Found an ancient bone altar of Kikubaaqudgha.
  3426 | D:3      | Reached skill level 5 in Earth Magic
  3467 | D:3      | Noticed an air elemental
  3469 | D:3      | Found a stormy altar of Qazlal.
  3473 | D:3      | Noticed a water elemental
  3473 | D:3      | Noticed a fire elemental
  3685 | D:4      | Reached XP level 6. HP: 32/32 MP: 5/13
  3687 | D:4      | Noticed Natasha
  3696 | D:4      | Killed Natasha
  3696 | D:4      | Reached skill level 5 in Spellcasting
  3718 | D:4      | Noticed Sigmund
  3997 | D:4      | Noticed Edmund
  4072 | D:4      | Found a staircase to the Ecumenical Temple.
  4267 | D:4      | Learned a level 3 spell: Stone Arrow
  4347 | D:4      | Killed Edmund
  4347 | D:4      | Reached XP level 7. HP: 36/36 MP: 1/15
  4615 | D:4      | Noticed Natasha
  4847 | D:4      | Killed Natasha
  4847 | D:4      | Reached * piety under Vehumet
  4847 | D:4      | Offered knowledge of Shock by Vehumet.
  4847 | D:4      | Reached skill level 6 in Spellcasting
  5023 | D:4      | Found a glowing golden altar of the Shining One.
  5103 | D:4      | Noticed Natasha
  5110 | D:4      | Killed Natasha
  5193 | D:5      | Entered Level 5 of the Dungeon
  5246 | D:5      | Gained mutation: You have very sharp teeth. [potion of mutation]
  5246 | D:5      | Gained mutation: You have supernaturally acute eyesight. (SInv) [potion of mutation]
  5246 | D:5      | Gained mutation: You expend magic power (3 MP) to strengthen your wands. [potion of mutation]
  5492 | D:5      | Reached XP level 8. HP: 37/41 MP: 2/18
  5527 | D:5      | Reached skill level 7 in Spellcasting
  5702 | D:5      | Noticed Grinder
  5709 | D:5      | Killed Grinder
  6002 | D:6      | Learned a level 5 spell: Lee's Rapid Deconstruction
  6007 | D:6      | Learned a level 4 spell: Petrify
  6022 | D:6      | Reached skill level 8 in Spellcasting
  6062 | D:6      | Shot with an arrow by a centaur

Skill      XL: |  1  2  3  4  5  6  7  8 |
---------------+-------------------------+-----
Spellcasting   | 3 4 5 6 8 |  8.1
Earth Magic    | 4 5 6 7 |  7.8
Dodging        | |  1.5
Stealth        | |  2.1
Transmutations | |  0.7

Action                   |  1- 3 |  4- 6 |  7- 9 || total
-------------------------+-------+-------+-------++-------
Melee: Unarmed           |     4 |       |       ||     4
       Hunting sling     |    14 |    29 |       ||    43
       Quarterstaff      |       |       |    58 ||    58
       Bite              |       |       |     2 ||     2
 Fire: Hunting sling     |     8 |       |       ||     8
Throw: Stone             |     3 |       |     2 ||     5
 Cast: Sandblast         |    72 |   138 |    27 ||   237
       Stone Arrow       |       |     4 |    41 ||    45
       Lee's Rapid Decon |       |       |     3 ||     3
  Use: Scroll            |     5 |     6 |     6 ||    17
       Potion            |       |     2 |     1 ||     3
  Eat: Meat ration       |     1 |       |       ||     1
       Bread ration      |       |     2 |     1 ||     3
Armor: Robe              |    25 |    57 |    38 ||   120
Dodge: Dodged            |    67 |   115 |    51 ||   233
